 Dungeon Crawl Stone Soup version 0.26-a0-257-g47e9e61525 (webtiles) character file.

Game seed: 3797681434281095111

42 BritishOli the Ducker (level 3, -6/28 HPs)
             Began as a Demonspawn Gladiator on July 10, 2020.
             Mangled by an iguana (7 damage)
             ... on level 1 of the Dungeon.
             The game lasted 00:01:12 (1664 turns).

BritishOli the Ducker (Demonspawn Gladiator)        Turns: 1664, Time: 00:01:12

Health: -6/28      AC:  4    Str: 15    XL:     3   Next: 35%
Magic:  3/3        EV: 12    Int:  9    God:
Gold:   81         SH:  3    Dex: 14    Spells: 2/2 levels left

rFire    . . .     SeeInvis .   a - +0 long sword
rCold    . . .     Faith    .   h - +0 buckler
rNeg     . . .     Spirit   .   b - +0 leather armour
rPois    .         Reflect  .   (helmet restricted)
rElec    .         Harm     .   g - +0 cloak
rCorr    .                      (no gloves)
MR       .....                  (no boots)
Stlth    +.........             (no amulet)
HPRegen  0.09/turn              (no ring)
MPRegen  0.08/turn              (no ring)

@: no status effects
A: antennae 1
a: no special abilities


You were on level 1 of the Dungeon.
You were not hungry.

You visited 1 branch of the dungeon, and saw 2 of its levels.

You collected 81 gold pieces.

Inventory:

Hand Weapons
 a - a +0 long sword (weapon)
Missiles
 d - 3 throwing nets (quivered)
Armour
 b - a +0 leather armour (worn)
 c - a +0 helmet
 g - a +0 cloak (worn)
 h - a +0 buckler (worn)
Potions
 e - a potion of mutation {unknown}
 i - a potion of curing {unknown}
 j - 2 potions of ambrosia {unknown}
Comestibles
 f - a ration


   Skills:
 + Level 2.5 Fighting
 + Level 3.0 Long Blades
 - Level 2.0 Throwing
 + Level 1.0 Armour
 - Level 3.0 Dodging
 + Level 0.1 Shields


You had 2 spell levels left.
You didn't know any spells.
Your spell library was empty.

Dungeon Overview and Level Annotations

Branches:
Dungeon (2/15)

Altars:


Innate Abilities, Weirdness & Mutations

You have a pair of small antennae on your head.


Message History

The hobgoblin hits you.
* * * LOW HITPOINT WARNING * * *
You hit the hobgoblin.
You kill the hobgoblin!
There is a stone staircase leading down here.
You start resting.
HP restored.
You climb downwards.
There is a stone staircase leading up here.
The iguana bites you!
You climb upwards.
There is a stone staircase leading down here.
You closely miss the iguana. The iguana barely misses you.
You barely miss the iguana. The iguana closely misses you.
The iguana barely misses you.
You hit the iguana but do no damage. The iguana bites you!
You hit the iguana but do no damage. The iguana bites you!
* * * LOW HITPOINT WARNING * * *
You hit the iguana but do no damage. The iguana bites you!
You die...

####
...###############
...............l@#
...#'#############
.........(.#
#############
...........#
#...........#
)..........#
#.########.##
...........# #.#
#.# ...........#
#.# #)#
...........# #.#
#.# ###........#
#.# #.#


You could see an iguana.

Vanquished Creatures
  2 dart slugs
  2 leopard geckos (D:1)
  4 bats
  A giant cockroach (D:2)
  3 goblins (D:1)
  5 hobgoblins (D:1)
  5 jackals
  A quokka (D:2)
  6 kobolds
  2 rats
31 creatures vanquished.

Notes
Turn   | Place    | Note
-------+----------+-------------------------------------------
     0 | D:1      | BritishOli the Demonspawn Gladiator began the quest for the
                  | Orb.
     0 | D:1      | Reached XP level 1. HP: 16/16 MP: 1/1
   349 | D:1      | Gained mutation: You have a pair of small antennae on your
                  | head. [demonic ancestry]
   349 | D:1      | Reached XP level 2. HP: 22/22 MP: 2/2
  1245 | D:2      | Reached XP level 3. HP: 27/28 MP: 3/3
  1396 | D:2      | Reached skill level 1 in Armour
  1663 | D:1      | HP: 1/28 [iguana (9)]
  1664 | D:1      | Mangled by an iguana

Illustrated notes

Levels and vault maps discovered:
D:1:      psy_arrival_radial01, layout_basic
D:2:      layout_loops_ring, lemuel_round_altar, lemuel_doored_altar,
          lemuel_coloured_pillars_altar, st_stairs_5,
          nicolae_ru_the_path_less_chosen

Skill      XL: |  1  2  3 |
---------------+----------+-----
Throwing       | 2 |  2.0
Long Blades    | 3 |  3.0
Dodging        | 3 |  3.0
Armour         | 1 |  1.0
Fighting       | |  2.5
Shields        | |  0.1

Action                   || total
-------------------------++-------
Melee: Long sword        ||   103
 Stab: Sleeping          ||     2
  Eat: Ration            ||     1
Armor: Leather armour    ||    33
Dodge: Dodged            ||    87
Block: Buckler           ||     6
       Rpst.: Long sword ||    30

Table legend:
 A = Non-vault XP
 B = Vault XP
 C = Vault XP percentage of total XP
 D = Non-vault monster count
 E = Vault monster count
 F = Vault count percentage of total count
                 A         B        C        D         E       F
            +---------+---------+-------+---------+---------+-------
      Total |      61 |       0 |   0.0 |      31 |       0 |   0.0
            +---------+---------+-------+---------+---------+-------
        D:1 |      42 |       0 |   0.0 |      22 |       0 |   0.0
        D:2 |      19 |       0 |   0.0 |       9 |       0 |   0.0
            +---------+---------+-------+---------+---------+-------
